 Dungeon Crawl Stone Soup version 0.29.1-13-g9f3cf754e1 (webtiles) character file.

Game seed: 3003456708261979578

9 protoss039 the Digger (level 2, 5/20 HPs)
             Began as a Demonspawn Earth Elementalist on Feb 11, 2023.
             Got out of the dungeon alive.
             The game lasted 00:00:32 (319 turns).

protoss039 the Digger (DsEE)                         Turns: 319, Time: 00:00:33

Health: 5/20       AC:  2    Str:  8    XL:     2   Next: 6%
Magic:  4/5        EV: 12    Int: 16    God:
Gold:   0          SH:  0    Dex: 13    Spells: 4/5 levels left

rFire   . . .      SeeInvis .   d - +0 dagger
rCold   . . .      Faith    .   (no shield)
rNeg    . . .      Spirit   .   a - +0 robe
rPois   .          Reflect  .   (no helmet)
rElec   .          Harm     .   (no cloak)
rCorr   .          Rampage  .   (no gloves)
Will    .....                   (no boots)
Stlth   ++........              (no amulet)
HPRegen 0.06/turn               (no ring)
MPRegen 0.09/turn               (no ring)

@: no status effects
A: weakness stinger 1
a: no special abilities


You escaped.
You visited 1 branch of the dungeon, and saw 1 of its levels.

Inventory:

Hand Weapons
 d - a +0 dagger (weapon)
Armour
 a - a +0 robe (worn)
Scrolls
 f - a scroll of brand weapon {unknown}
 g - a scroll of vulnerability {unknown}
Potions
 b - a potion of magic
 c - a potion of attraction {unknown}
 e - a potion of heal wounds {unknown}
 h - a potion of curing {unknown}


   Skills:
 + Level 0.8 Fighting
 - Level 1.7 Dodging
 - Level 1.7 Stealth
 + Level 2.2 Spellcasting
 - Level 0.8 Transmutations
 + Level 2.9 Earth Magic


You had 4 spell levels left.
You knew the following spells:

 Your Spells              Type           Power      Damage    Failure   Level
a - Sandblast             Erth           22%        2d7       6%          1

Your spell library contained the following spells:

 Spells                   Type           Power      Damage    Failure   Level
 Passwall                 Tmut/Erth      5%         N/A       14%         2
 Stone Arrow              Conj/Erth      12%        3d7       32%         3
 Petrify                  Tmut/Erth      7%         N/A       67%         4


Dungeon Overview and Level Annotations

Branches:
Dungeon (1/15) Zot: 5675

Altars:


Innate Abilities, Weirdness & Mutations

You have a small tail.


Message History

Casting: Sandblast (safe; 6% risk of failure)
Confirm with . or Enter, or press ? or * to list all spells.
You don't have enough magic to cast this spell.
Unknown command.
The quokka closely misses you. The quokka bites you.
You barely miss the quokka. The quokka closely misses you.
You miss the quokka. The quokka bites you.
Unknown command.
You closely miss the quokka.
Your tail-slap misses the quokka.
The quokka misses you.
Unknown command.
You closely miss the quokka.
Your tail-slap misses the quokka.
Your punch misses the quokka. The quokka bites you.
Unknown command.
You hit the quokka.
You tail-slap the quokka, but do no damage.
The quokka is almost dead.
The quokka closely misses you. The quokka bites you.
Casting: Sandblast (safe; 6% risk of failure)
Confirm with . or Enter, or press ? or * to list all spells.
You don't have enough magic to cast this spell.
Unknown command.
Unknown command.
You barely miss the quokka.
Your tail-slap misses the quokka.
The quokka is severely wounded.
The quokka barely misses you.
You closely miss the quokka.
The quokka is severely wounded.
The quokka bites you.
You hit the quokka but do no damage.
The quokka is severely wounded.
The quokka bites you.
* * * LOW HITPOINT WARNING * * *
You closely miss the quokka. You tail-slap the quokka.
You kill the quokka!
Found a scroll labelled AWINGE EPOQOD.
You see here a quokka corpse.
There is a staircase leading out of the dungeon here.
Are you sure you want to leave the Dungeon?
This will make you lose the game!
You have escaped!

......## #.... ....
....(..# .... ...
...[...###....# #..
............ #.# #.# ##
..###....### #.#.# ...
......#.#..## ##.## #..
..##....#.#.###.#.###.#
######....##.#.#.#.#.#
###..###.#.@.#.#
##..##.#.#.#.#.#
#...#.###.#.###.#
###....## ##.## #..
#.......###.#.# ...
#.##.....#.###.# ..
###.##......#####..
................####
#..##..........#


There were no monsters in sight!

Vanquished Creatures
  3 endoplasms (D:1)
  A goblin (D:1)
  A quokka (D:1)
  A ball python (D:1)
  A kobold (D:1)
  2 rats (D:1)
9 creatures vanquished.

Notes
Turn   | Place    | Note
-------+----------+-------------------------------------------
     0 | D:1      | protoss039 the Demonspawn Earth Elementalist began the
                  | quest for the Orb.
     0 | D:1      | Reached XP level 1. HP: 13/13 MP: 3/3
   277 | D:1      | Gained mutation: You have a small tail. [demonic ancestry]
   277 | D:1      | Reached XP level 2. HP: 17/20 MP: 0/5
   319 | D:$      | Got out of the dungeon alive.

Illustrated notes

Levels and vault maps discovered:
D:1:      minmay_arrival_diagonal_passages, layout_rooms

Action                   || total
-------------------------++-------
Melee: Dagger            ||    12
       Tailslap          ||     2
 Cast: Sandblast         ||    12
Armor: Robe              ||     1
Dodge: Dodged            ||     8
